Description

Test build, please ignore.

Build Order

Get SALT Encoding   

  14  0:20  Pylon  
  15  0:40  Gateway  
  16  0:48  Assimilator  
  17  0:55  Assimilator  
  18  1:30  Cybernetics Core  
  21  1:40  Nexus  
  22  1:43  Pylon  
  23  1:45  Gateway  
  23  2:07  Stalker (Chrono Boost)  
  23  2:15  Warp Gate  
  24  2:30  Robotics Facility  
  26  2:40  Sentry  
  27  2:55  Stalker  
  27  3:00  Assimilator x2  
  27  3:05  Pylon  
  28  3:10  Forge  
  35  3:16  Observer  
  36  3:25  Shield Battery  
  44  3:40  Observer  
  45  3:45  Pylon  
  45  3:50  Protoss Ground Weapons Level 1 (Chrono Boost)  
  52  4:25  Robotics Bay  
  53  4:35  Twilight Council  
  66  5:23  Nexus  
Spawning Tool Build Advisor. Get it on Overwolf

Go to:

Details

  • Created by: cryptoscum
  • Published on: Nov 20, 2019
  • Modified on: Nov 22, 2019
  • Patch: 4.7.1
Show
View Real Time Build Order
Export as new Build Order

Comments (0)

There are no comments. Be the first!

Create an account to comment!